AoeStats
← FC_M@sTer

Four Lakes

507404471Analyzed
1v1 RM · 15d ago on Sep 18, 2026· 38m 25s· 2 players
Game mode
Random Map
Map size
Tiny (2 player)
Population
200
Speed
Normal
Resources
Standard
Victory
Conquest
Starting age
Dark Age
Ending age
Imperial Age
RankedLock teamsTeams togetherTeam positionsShared explorationLock speedFull tech treeHidden civsTurbo modeCheats
Victory
Defeat
🇨🇴 Persians · Colombia
1525
+14
🇧🇷 Persians · Brazil
1478
-14
SS_BAD_
6:51 Loom
9:49 Feudal Age
10:23 Double-Bit Axe
16:40 Castle Age
16:39 Gold Mining
17:20 Bow Saw
17:16 Town Watch
17:32 Fishing Lines
17:43 Fishing Lines
20:16 Wheelbarrow
19:56 Stone Mining
22:42 Light Cavalry
24:49 Bloodlines
24:48 Scale Barding Armor
25:03 Fletching
25:06 Horse Collar
26:13 Bodkin Arrow
30:33 Chain Barding Armor
33:31 Imperial Age
31:00 Pikeman
31:40 Squires
32:14 Scale Mail Armor
32:25 Forging
32:50 Husbandry
33:29 Chain Mail Armor
33:45 Padded Archer Armor
33:29 Cavalier
34:48 Plate Barding Armor
34:43 Heavy Plow
36:03 Iron Casting
FC_M@sTer
9:32 Loom
11:25 Feudal Age
17:13 Castle Age
15:50 Double-Bit Axe
16:10 Horse Collar
17:27 Wheelbarrow
16:51 Gold Mining
17:37 Bloodlines
17:57 Bow Saw
19:03 Husbandry
19:25 Town Watch
20:03 Fletching
21:11 Padded Archer Armor
22:19 Bodkin Arrow
24:02 Thumb Ring
25:57 Leather Archer Armor
28:25 Imperial Age
26:38 Forging
28:10 Scale Barding Armor
28:35 Parthian Tactics
29:50 Chemistry
29:34 Hand Cart
30:22 Two-Man Saw
30:46 Iron Casting
31:22 Stone Mining
34:54 Blast Furnace
34:28 Masonry
34:08 Light Cavalry
37:47 Conscription
38:51 Ring Archer Armor
Connection lost

Rejoining the realm…

Still unreachable

The connection could not be restored.

Session expired

The server has moved on; the page needs a fresh start.